 Dungeon Crawl Stone Soup version 0.22.1-1-ga44c0e5 (webtiles) character file.

40 Garbasso the Bolt Thrower (level 3, -5/31 HPs)
             Began as a Minotaur Hunter on Oct 10, 2018.
             Slain by Sigmund
             ... wielding a cursed +0 scythe
              (10 damage)
             ... on level 2 of the Dungeon.
             The game lasted 00:04:32 (1203 turns).

Garbasso the Bolt Thrower (Minotaur Hunter)         Turns: 1203, Time: 00:04:32

Health: -5/31      AC:  6    Str: 17    XL:     3   Next: 30%
Magic:  2/2        EV: 11    Int:  8    God:
Gold:   21         SH:  0    Dex: 10    Spells: 2/2 levels left

rFire    . . .     SeeInvis .   a - +1 hand crossbow
rCold    . . .     Gourm    .   (no shield)
rNeg     . . .     Faith    .   k - +0 ring mail
rPois    .         Spirit   .   (helmet restricted)
rElec    .         Reflect  .   (no cloak)
rCorr    .         Harm     .   h - +0 pair of gloves
MR       .....                  (no boots)
Stlth    ..........             (no amulet)
HPRegen  0.10/turn              (no ring)
MPRegen  0.08/turn              (no ring)

@: confused
A: retaliatory headbutt, horns 2
a: no special abilities


You were on level 2 of the Dungeon.
You were not hungry.

You visited 1 branch of the dungeon, and saw 2 of its levels.

You collected 21 gold pieces.

Inventory:

Hand Weapons
 a - a +1 hand crossbow (weapon)
 b - a +0 short sword
Missiles
 d - 31 bolts (quivered)
Armour
 h - a +0 pair of gloves (worn)
 k - a +0 ring mail (worn)
Jewellery
 c - an uncursed amulet of faith {unknown}
 l - an uncursed ring of stealth {unknown}
 r - an uncursed ring of stealth {unknown}
Scrolls
 j - a scroll of remove curse {unknown}
 n - a scroll of enchant armour {unknown}
 o - a scroll of enchant weapon {unknown}
Potions
 e - a potion of resistance {unknown}
 g - 2 potions of curing {unknown}
 m - a potion of might {unknown}
 p - a potion of brilliance {unknown}
 q - a potion of berserk rage {unknown}
Comestibles
 f - 2 rations
 i - 3 chunks of flesh


   Skills:
 + Level 3.2 Fighting
 * Level 5.3 Crossbows
 - Level 2.1 Dodging
 - Level 0.7 Stealth


You had 2 spell levels left.
You didn't know any spells.
Your spell library was empty.

Dungeon Overview and Level Annotations

Branches:
Dungeon (2/15)

Altars:
Gozag
Kikubaaqudgha
Xom

Annotations:
D:2 Sigmund


Innate Abilities, Weirdness & Mutations

You reflexively headbutt those who attack you in melee.
You have a pair of horns on your head.


Message History

Reactivating autopickup.
Sigmund gestures at you while chanting.
You are confused.
You bump into the rock wall.
Sigmund casts a spell at you. The magic dart hits you!
* * * LOW HITPOINT WARNING * * *
You bump into the rock wall.
Sigmund gestures at you while chanting.
You are more confused.
You bump into the rock wall.
You bump into the rock wall.
You bump into the rock wall.
Sigmund casts a spell.
Sigmund flickers and vanishes!
Deactivating autopickup; reactivate with Ctrl-A.
You're too confused to move!
You bump into the rock wall.
You're too confused to move!
Something hits you!
You die...

.≈≈ #.##.# ..≈ #.##.#
... #.##.# ... #.##.#
... #.##.# ... #.##.#
. #.##{#
#########.##.#
#.........##@#
############.########
#.<....... #########.


There were no monsters in sight!

Vanquished Creatures
  An ooze (D:1)
  2 worms (D:2)
  A leopard gecko (D:1)
  5 bats
  3 hobgoblins
  3 frilled lizards (D:1)
  4 goblins
  5 kobolds (D:1)
  7 rats (D:1)
31 creatures vanquished.

Notes
Turn   | Place    | Note
-------+----------+-------------------------------------------
     0 | D:1      | Garbasso the Minotaur Hunter began the quest for the Orb.
     0 | D:1      | Reached XP level 1. HP: 18/18 MP: 0/0
   266 | D:1      | Reached XP level 2. HP: 25/25 MP: 1/1
   411 | D:1      | Reached skill level 5 in Crossbows
   809 | D:1      | Found a shimmering altar of Xom.
   811 | D:1      | Found an opulent altar of Gozag.
   811 | D:1      | Found a radiant altar of Vehumet.
   812 | D:1      | Reached XP level 3. HP: 31/31 MP: 2/2
   813 | D:1      | Found an ornate altar of the Wu Jian Council.
   813 | D:1      | Found a shadowy altar of Dithmenos.
   813 | D:1      | Found an ancient bone altar of Kikubaaqudgha.
   893 | D:2      | Found a faded altar of an unknown god.
   936 | D:2      | Noticed Sigmund
  1095 | D:2      | Found an opulent altar of Gozag.
  1203 | D:2      | Slain by Sigmund

Skill      XL: |  1  2 |
---------------+-------+-----
Fighting       | 3 |  3.2
Crossbows      | 5 |  5.3
Dodging        | |  2.1
Stealth        | |  0.7

Action                   || total
-------------------------++-------
Melee: Short sword       ||    37
       Headbutt          ||     7
 Fire: Hand crossbow     ||    46
  Eat: Chunk             ||     1
Armor: Ring mail         ||    10
       Leather armour    ||     2
Dodge: Dodged            ||    22
